 Dungeon Crawl Stone Soup version 0.22.1-6-g1668fe2c40 (webtiles) character file.

313 Kohma the Vexing (level 6, 0/28 HPs)
             Began as a Vine Stalker Enchanter on Jan 28, 2019.
             Killed from afar by an orc wizard (8 damage)
             ... with a puff of flame
             ... on level 4 of the Dungeon.
             The game lasted 00:10:25 (3761 turns).

Kohma the Vexing (Vine Stalker Enchanter)           Turns: 3761, Time: 00:10:25

Health: 0/28       AC:  7    Str: 12    XL:     6   Next: 43%
Magic:  0/11       EV: 10    Int: 16    God:
Gold:   175        SH:  0    Dex: 14    Spells: 5/11 levels left

rFire    . . .     SeeInvis .   a - +2 dagger
rCold    . . .     Gourm    .   (no shield)
rNeg     . . .     Faith    .   k - +0 ring mail
rPois    .         Spirit   +   (no helmet)
rElec    .         Reflect  .   w - +0 cloak
rCorr    .         Harm     .   o - +0 pair of gloves
MR       .....                  (no boots)
Stlth    ++........             (no amulet)
HPRegen  0.49/turn              (no ring)
MPRegen  0.12/turn              (no ring)

@: no status effects
A: fangs 2, regeneration 1, magic shield, antimagic bite, no potion heal 3, rot
immunity
a: no special abilities


You were on level 4 of the Dungeon.
You were not hungry.

You visited 1 branch of the dungeon, and saw 4 of its levels.

You collected 175 gold pieces.

Inventory:

Hand Weapons
 a - a +2 dagger (weapon)
 e - a +1 hunting sling of velocity
Missiles
 f - 51 sling bullets
 r - 44 stones (quivered)
 t - 5 curare-tipped needles
Armour
 k - a +0 ring mail (worn)
 o - a +0 pair of gloves (worn)
 w - a +0 cloak (worn)
Wands
 m - a wand of clouds (7)
 x - a wand of digging (9)
Scrolls
 g - 2 scrolls of enchant weapon
 h - 2 scrolls of teleportation
 n - 2 scrolls of remove curse
 p - a scroll of amnesia
 v - a scroll of fear
Potions
 b - a potion of might
 c - a potion of lignification
 u - a potion of ambrosia
Comestibles
 d - 5 rations


   Skills:
 - Level 0.8 Short Blades
 - Level 1.5 Dodging
 - Level 3.6 Stealth
 - Level 3.0 Spellcasting
 + Level 6.7 Hexes


You had 5 spell levels left.
You knew the following spells:

 Your Spells              Type           Power        Failure   Level  Hunger
a - Corona                Hex            ###....      2%          1    #......
b - Ensorcelled Hibernat  Hex/Ice        ##....       16%         2    ##.....
c - Confuse               Hex            ###.....     9%          3    ###....

Your spell library contained the following spells:

 Spells                   Type           Power        Failure   Level  Hunger
 Tukima's Dance           Hex            ###.....     9%          3    ###....
 Dazzling Spray           Conj/Hex       ##....       32%         3    ###....


Dungeon Overview and Level Annotations

Branches:
Dungeon (4/15)
 Temple: D:4-7

Altars:
Nemelex Xobeh
Qazlal
Xom


Innate Abilities, Weirdness & Mutations

You have extremely sharp teeth.
Your natural rate of healing is unusually fast.
When hurt, damage is shared between your health and your magic reserves.
Your bite disrupts and absorbs the magic of your enemies.
Potions cannot restore your health.
You are immune to rotting.


Message History

You closely miss the orc.
The orc wizard mumbles some strange words.
The orc wizard seems to speed up.
The orc barely misses you.
You hit the orc. You bite the orc. You drain its power.
You feel invigorated.
The orc is heavily wounded.
The orc hits you but does no damage.
You closely miss the orc.
The orc is heavily wounded.
You hit the orc.
You kill the orc!
The orc priest miscasts a cantrip.
The orc priest hits you with a long sword.
The orc wizard hits you but does no damage.
The ogre hits you with a giant club!!
Ouch! That really hurt!
* * * LOW HITPOINT WARNING * * *
You see here a short sword.
The orc wizard points at you and mumbles some strange words.
The puff of flame hits you!
You die...

..# #.# #.######## .
####.#....... #. #......#
#.##+#.##...#
#.......#...#
##.....##...# #
+.....##@o.# .#
###......#o..#######.#
..#......#..O........##
###.#.#'#..#..#).........
#
...#.#.####..)..........
##.###.#.#.#
#..#..........
#........#.##
#>.'.......... #.......#
####.......... #..#....#
#..........


You could see an ogre, an orc priest and an orc wizard.

Vanquished Creatures
  A hound (D:4)
  An orc priest (D:4)
  3 orc wizards (D:3)
  7 adders
  A worm (D:2)
  A dart slug (D:2)
  4 leopard geckos
  16 orcs
  4 giant cockroaches
  5 goblins
  8 hobgoblins
  6 jackals (D:2)
  3 quokkas (D:3)
  A ball python (D:2)
  3 bats
  2 frilled lizards
  8 kobolds
  8 rats
82 creatures vanquished.

Notes
Turn   | Place    | Note
-------+----------+-------------------------------------------
     0 | D:1      | Kohma the Vine Stalker Enchanter began the quest for the
                  | Orb.
     0 | D:1      | Reached XP level 1. HP: 9/9 MP: 4/4
   351 | D:1      | Reached XP level 2. HP: 13/13 MP: 4/6
   355 | D:1      | Learned a level 2 spell: Ensorcelled Hibernation
   378 | D:1      | Found a sparkling altar of Nemelex Xobeh.
   968 | D:2      | Reached XP level 3. HP: 10/16 MP: 1/8
  1403 | D:2      | Reached skill level 4 in Hexes
  1813 | D:2      | Gained mutation: Your natural rate of healing is unusually
                  | fast. [Vine Stalker growth]
  1813 | D:2      | Reached XP level 4. HP: 13/21 MP: 5/9
  2311 | D:3      | Reached skill level 5 in Hexes
  2346 | D:3      | Noticed an air elemental
  2372 | D:3      | Found a stormy altar of Qazlal.
  2374 | D:3      | Noticed a fire elemental
  2375 | D:3      | Noticed an earth elemental
  2375 | D:3      | Noticed a water elemental
  2392 | D:3      | Reached XP level 5. HP: 24/24 MP: 10/10
  3006 | D:3      | Reached skill level 6 in Hexes
  3024 | D:3      | Reached XP level 6. HP: 25/28 MP: 9/11
  3319 | D:3      | Found a shimmering altar of Xom.
  3576 | D:4      | Learned a level 3 spell: Confuse
  3761 | D:4      | Killed from afar by an orc wizard

Skill      XL: |  1  2  3  4  5 |
---------------+----------------+-----
Spellcasting   | 3 |  3.0
Hexes          | 4 5 6 |  6.7
Short Blades   | |  0.8
Dodging        | |  1.5
Stealth        | |  3.6

Action                   |  1- 3 |  4- 6 || total
-------------------------+-------+-------++-------
Melee: Dagger            |   110 |   194 ||   304
       Bite              |    16 |    42 ||    58
 Cast: Ensorcelled Hiber |    10 |    25 ||    35
  Use: Scroll            |       |    12 ||    12
 Stab: Sleeping          |     9 |    15 ||    24
  Eat: Chunk             |     4 |     6 ||    10
       Ration            |       |     1 ||     1
Armor: Robe              |     3 |       ||     3
       Ring mail         |    36 |    81 ||   117
Dodge: Dodged            |    52 |    81 ||   133
